 Dungeon Crawl Stone Soup version 0.30-a0-168-g0b976cbdc4 (webtiles) character file.

Game seed: 2989053671948142886

3882 spaghetti the Warrior (level 10, -4/135 HPs)
             Began as an Ogre Chaos Knight on Sept 30, 2022.
             Was a Plaything of Xom.
             Slain by a sixfirhy (10 damage)
             ... summoned by Xom
             ... on level 9 of the Dungeon.
             The game lasted 00:16:50 (8848 turns).

spaghetti the Warrior (Ogre Chaos Knight)           Turns: 8848, Time: 00:16:52

Health: -4/135     AC:  6    Str: 24 (26) XL:     10   Next: 19%
Magic:  10/10      EV:  9    Int: 10 (12) God:    Xom [*.....]
Gold:   557        SH:  0    Dex:  4 (7)  Spells: 9/9 levels left

rFire   + . .      SeeInvis +    q - +7 club {mace}
rCold   + + .      Faith    .    (no shield)
rNeg    . . .      Spirit   .    h - +4 skin of Zhor {*Englaciate rC+++ SInv}
rPois   .          Reflect  .    (helmet restricted)
rElec   .          Harm     .    (no cloak)
rCorr   .          Rampage  .    (gloves unavailable)
Will    ++...                    (boots unavailable)
Stlth   +.........               (no amulet)
HPRegen 0.32/turn                (no ring)
MPRegen 0.12/turn                (no ring)

@: studying Shields
A: large, unfitting armour, tough skin 1, claws 1, deformed body, fire
resistance 1, strong-willed 1, strong 1, cold vulnerability 1
a: Renounce Religion


You were on level 9 of the Dungeon.
You worshipped Xom.
You were a special plaything of Xom.
You visited 1 branch of the dungeon, and saw 9 of its levels.

You collected 557 gold pieces.


Innate Abilities, Weirdness & Mutations

You are too large for most types of armour.
You have tough skin. (AC +1)
You have sharp fingernails.
Armour fits poorly on your strangely shaped body.
Your flesh is heat resistant. (rF+)
You are strong-willed. (Will+)
Your muscles are strong. (Str +4, Int/Dex -1)
You are vulnerable to cold. (rC-)


   Skills:
 + Level 18.4 Fighting
 - Level 2.1 Dodging
 - Level 2.9 Unarmed Combat


You had 9 spell levels left.
You didn't know any spells.
Your spell library contained the following spells:

 Spells                   Type           Power      Damage    Failure   Level
 Foxfire                  Conj/Fire      0%         2x1d4     36%         1
 Magic Dart               Conj           0%         1d3       36%         1
 Call Imp                 Summ           0%         N/A       50%         2
 Inner Flame              Hex/Fire       0%         N/A       75%         3
 Mephitic Cloud           Conj/Pois/Air  0%         N/A       75%         3
 Stone Arrow              Conj/Erth      0%         3d7       75%         3
 Animate Armour           Summ/Erth      0%         N/A       98%         4
 Flame Wave               Conj/Fire      0%         2d4       98%         4
 Fulminant Prism          Conj/Hex       0%         3d6       98%         4
 Sticky Flame             Conj/Fire      0%         2d3       98%         4
 Borgnjor's Revivificati  Necr           0%         N/A       100%        8
 Lehudib's Crystal Spear  Conj/Erth      0%         10d2      100%        8

Inventory:

Hand Weapons
 c - a +0 whip {mace}
   (You took it off a kobold on level 1 of the Dungeon)
 d - a +2 whip of pain {mace}
   (You took it off a kobold on level 1 of the Dungeon)
 j - a +0 giant club {mace}
   (You took it off an ogre on level 4 of the Dungeon)
 p - a +2 dagger of protection {short}
   (You took it off a kobold on level 4 of the Dungeon)
 q - a +7 club (weapon) {mace}
   (You took it off Jessica on level 3 of the Dungeon)
 t - a +0 giant spiked club of chaos {mace}
   (You took it off an ogre on level 5 of the Dungeon)
 u - a +0 vorpal war axe {axe}
   (You found it on level 4 of the Dungeon)
 v - a +0 hand axe of flaming {axe}
   (You took it off an orc on level 7 of the Dungeon)
 C - a +2 dagger of speed {short}
   (You took it off an orc on level 8 of the Dungeon)
 E - a +0 dagger of venom {short}
   (You took it off an orc wizard on level 7 of the Dungeon)
 G - a +6 short sword {short}
   (You took it off an orc priest on level 8 of the Dungeon)
 I - a +0 dagger of speed {short}
   (You took it off a kobold demonologist on level 8 of the Dungeon)
Missiles
 e - 67 stones {throwing}
 l - 8 javelins {throwing}
 m - 8 boomerangs {throwing}
 n - 4 poisoned darts {throwing}
Armour
 a - a +2 robe
 h - the +4 skin of Zhor (worn) {*Englaciate rC+++ SInv}
   (You found it on level 7 of the Dungeon)

   It radiates cold, occasionally slowing all nearby creatures who are not
   resistant to cold.
   rC:        It renders you almost immune to cold.
   SInv:      It lets you see invisible.
Magical Staves
 z - a staff of death {!astaff}
   (You found it on level 6 of the Dungeon)
Jewellery
 s - a ring of resist corrosion
   (You found it on level 8 of the Dungeon)
Wands
 x - a wand of iceblast (1)
   (You found it on level 5 of the Dungeon)
 y - a wand of flame (12)
   (You took it off a kobold on level 6 of the Dungeon)
 B - a wand of polymorph (2)
   (You found it on level 7 of the Dungeon)
Scrolls
 f - a scroll of butterflies
 i - a scroll of enchant armour
 k - a scroll of vulnerability {!r!r}
 w - 2 scrolls of torment {!r}
 D - a scroll of immolation {!r!r}
 F - 3 scrolls of identify {@r1}
Potions
 o - a potion of brilliance
 A - 2 potions of attraction {!q}
Miscellaneous
 b - a piece from Xom's chessboard (15/15) (quivered)

Dungeon Overview and Level Annotations

Branches:
Dungeon (9/15) Zot: 26978  Temple (0/1) D:5
   Lair: D:8-11         Orc: D:9-12

Altars:
Cheibriados
Okawaru
Sif Muna
Vehumet
Wu Jian
Xom

Shops:
D:1 *

Annotations:
D:5 2 transporters, quinnr's ghost, novice TeCj

......ogg.# ##.###o###
#o# #.# #.# ###o## #
#..#k#######.####
#.o###○○○5bbb.....
....o #°#5W3@.bbb...
.....o..o5b3b5###.####
.........##55bb.
....#...# ####.##
.:..#..# .# ?=# #.. .#
#. $# .#


You could see a sixfirhy (summoned, confused), a ynoxinul (summoned), a swamp
drake (catching breath, ally target), a shadow (invisible, ally target), an orc
priest, a quasit (summoned) and 5 ufetubi.


Message History

Unknown command.
Unknown command.
Unknown command.
Unknown command.
Unknown command.
Are you sure you want to stumble around while confused and next to your butterfly?
Okay, then.
Are you sure you want to stumble around while confused and next to your butterfly?
You barely miss your butterfly.
Your butterfly disappears in a burst of colours!
You feel less confused.
The sixfirhy is engulfed in noxious fumes. x3
The sixfirhy appears confused.
The sixfirhy is engulfed in noxious fumes.
The sixfirhy appears confused.
The sixfirhy is engulfed in noxious fumes.
The sixfirhy appears confused.
Your butterfly is engulfed in noxious fumes.
Your butterfly appears confused.
Your butterfly is engulfed in noxious fumes.
Your butterfly appears confused.
The sixfirhy is engulfed in noxious fumes.
The sixfirhy appears confused.
The sixfirhy is engulfed in noxious fumes.
The sixfirhy appears confused.
Your butterfly is engulfed in noxious fumes.
Your butterfly appears confused.
The quasit barely misses you. The quasit misses you.
The quasit claws you but does no damage.
Your butterfly is engulfed in noxious fumes.
Your butterfly appears confused.
The ufetubus misses your butterfly.
The ufetubus barely misses your butterfly.
The ufetubus closely misses your butterfly.
The ufetubus barely misses your butterfly.
The ufetubus misses your butterfly.
The ufetubus closely misses your butterfly.
The sixfirhy is engulfed in noxious fumes.
The sixfirhy appears confused.
Your butterfly is engulfed in noxious fumes.
Your butterfly appears confused.
The quasit barely misses you. x2; The quasit closely misses you.
Your butterfly is engulfed in noxious fumes.
Your butterfly appears confused.
The ynoxinul hits your butterfly.
Your butterfly dies!
Your butterfly disappears in a burst of colours!
The sixfirhy is engulfed in noxious fumes.
The ufetubus barely misses your butterfly.
The ufetubus closely misses your butterfly.
The ufetubus barely misses your butterfly.
The ufetubus hits your butterfly.
Your butterfly dies!
Your butterfly disappears in a burst of colours!
Unknown command.
Unknown command.
Unknown command.
The sixfirhy is engulfed in noxious fumes. x3
The sixfirhy appears confused.
The sixfirhy is engulfed in noxious fumes.
The sixfirhy appears confused.
The sixfirhy is engulfed in noxious fumes.
The sixfirhy appears confused.
The sixfirhy hits the white imp!
The sixfirhy shocks the white imp!
The white imp dies!
The white imp disappears in a puff of smoke!
The sixfirhy hits itself.
Your butterfly is engulfed in noxious fumes.
Your butterfly appears confused.
The quasit bites you but does no damage.
The quasit closely misses you.
The quasit claws you but does no damage.
The orc wizard mumbles some strange words.
The orc wizard flickers and vanishes for a moment.
The ufetubus misses your butterfly.
The ufetubus barely misses your butterfly.
The ufetubus closely misses your butterfly.
The ufetubus barely misses your butterfly.
The ynoxinul barely misses your butterfly.
Something barely misses your butterfly. 😱 HP[+1] Unknown command.
Unknown command.
The sixfirhy misses your butterfly. The sixfirhy hits your butterfly!
Your butterfly dies!
Your butterfly disappears in a burst of colours!
The ufetubus closely misses your butterfly.
The ufetubus misses your butterfly.
The quasit bites you but does no damage.
The quasit claws you but does no damage. x2
The swamp drake breathes poison at you.
The noxious blast engulfs the shadow but does no damage.
Something misses your butterfly.
The ynoxinul gestures.
The sixfirhy is engulfed in noxious fumes.
The sixfirhy appears confused.
The sixfirhy hits you!
* * * LOW HITPOINT WARNING * * *
The sixfirhy shocks you!
You die...
Xom thinks this is hilarious!

Skill      XL: |  1  2  3  4  5  6  7  8  9 10 |
---------------+-------------------------------+-----
Fighting       | 5 6 7 9 10 11 14 17 18 | 18.4
Dodging        | |  2.1
Unarmed Combat | |  2.9

Action                   |  1- 3 |  4- 6 |  7- 9 | 10-12 || total
-------------------------+-------+-------+-------+-------++-------
Melee: Unarmed           |    25 |       |       |       ||    25
       Whip              |   118 |    27 |       |       ||   145
       Punch             |     2 |     2 |     4 |     2 ||    10
       Club              |       |   104 |   355 |    41 ||   500
Throw: Javelin           |       |       |     1 |       ||     1
Evoke: Piece from Xom's  |     2 |       |       |       ||     2
       Wand              |       |       |     4 |       ||     4
  Use: Scroll            |     8 |     4 |     4 |     3 ||    19
       Potion            |     2 |     5 |     7 |     2 ||    16
 Stab: Paralysed         |       |     6 |     3 |       ||     9
Armor: Robe              |    62 |    42 |   142 |       ||   246
       Animal skin       |       |       |    19 |    29 ||    48
Dodge: Dodged            |    73 |    79 |   205 |    31 ||   388

Levels and vault maps discovered:
D:1:      dpeg_arrival_rooms_with_view, layout_basic, serial_shops,
          nicolae_shop_overgrown_old_shop, chequers_serial_rivers_room_a
D:2:      layout_rooms, ebering_ecumenical_altar_hall
D:3:      layout_basic, mainiacjoe_overflow_boulevard, tgw_sif, st_stairs_6,
          uniq_ijyb
D:4:      layout_basic, kennysheep_mini, cheibrodos_worm_habitat,
          chequers_jeans, uniq_natasha
D:5:      layout_loops_ring, temple_green, gammafunk_ghost_smash,
          minmay_manual_mail
D:6:      layout_loops_ring, vehumet_altar_wand_db, roderic_serpentine_path
D:7:      layout_basic, minmay_gold_behind_fungi, hellmonk_guarded_unrand_zhor
D:8:      layout_loops_ring, minmay_diamond_spiral
D:9:      layout_loops_ring, serial_shops, nicolae_square_shop, uniq_maurice,
          uniq_prince_ribbit1

Notes
Turn   | Place    | Note
-------+----------+-------------------------------------------
     0 | D:1      | spaghetti the Ogre Chaos Knight began the quest for the
                  | Orb.
     0 | D:1      | Reached XP level 1. HP: 24/24 MP: 1/1
     0 | D:1      | magus.rc [v1.9.6]
   156 | D:1      | XOM: silly message
   254 | D:1      | XOM is BORED!
   254 | D:1      | XOM: silly message
   348 | D:1      | Reached XP level 2. HP: 33/33 MP: 2/2
   352 | D:1      | Found Nidujeist's Assorted Antiques.
   524 | D:1      | XOM: destruction
   885 | D:1      | Reached skill level 5 in Fighting
  1164 | D:2      | Reached XP level 3. HP: 41/42 MP: 3/3
  1567 | D:2      | XOM is BORED!
  1567 | D:2      | XOM: summons 4 hostile shadow creatures
  1807 | D:2      | Found a faded altar of an unknown god.
  1818 | D:2      | XOM: scenery: create altars
  2031 | D:3      | XOM: god gift: Xom's Catalogue of Triumph {god gift}
  2032 | D:3      | You add the spells Stone Arrow, Fulminant Prism and
                  | Borgnjor's Revivification to your library.
  2032 | D:3      | Got Xom's Catalogue of Triumph {god gift}
  2151 | D:3      | Noticed Ijyb
  2153 | D:3      | Paralysed by Ijyb for 5 turns
  2171 | D:3      | Gained mutation: You are clumsy. (Dex -2) [potion of
                  | mutation]
  2171 | D:3      | Gained mutation: Your movements are slightly less
                  | encumbered by armour. (ER -2) [potion of mutation]
  2171 | D:3      | Lost mutation: Your movements are slightly less encumbered
                  | by armour. (ER -2) [potion of mutation]
  2171 | D:3      | Gained mutation: Your natural rate of healing is unusually
                  | fast. [potion of mutation]
  2177 | D:3      | Killed Ijyb
  2178 | D:3      | Reached skill level 6 in Fighting
  2178 | D:3      | Reached XP level 4. HP: 25/53 MP: 4/4
  2408 | D:3      | Found an ornate altar of the Wu Jian Council.
  2534 | D:3      | Noticed Jessica
  2539 | D:3      | Killed Jessica
  2540 | D:3      | Reached skill level 7 in Fighting
  2540 | D:3      | Reached XP level 5. HP: 55/62 MP: 5/5
  2556 | D:3      | Found a shimmering blue altar of Sif Muna.
  2601 | D:3      | XOM: cloud trail
  2605 | D:3      | XOM: give mutations
  2605 | D:3      | Gained mutation: You expend magic power (3 MP) to
                  | strengthen your wands. [Xom's grace]
  2605 | D:3      | Gained mutation: Your system is resistant to poisons.
                  | (rPois) [Xom's grace]
  2874 | D:4      | Noticed Natasha
  2877 | D:4      | Killed Natasha
  3159 | D:4      | Reached skill level 8 in Fighting
  3187 | D:4      | Found an iron altar of Okawaru.
  3239 | D:4      | XOM: summons 3 hostile demons
  3341 | D:4      | Noticed a phantom
  3346 | D:4      | XOM: enchant monster (good)
  3349 | D:4      | HP: 12/63 [orc/+0 flail (8)]
  3361 | D:4      | Killed a phantom
  3362 | D:4      | Reached skill level 9 in Fighting
  3362 | D:4      | Reached XP level 6. HP: 29/75 MP: 6/6
  3679 | D:4      | XOM: 1-stop teleportation journey
  3702 | D:4      | XOM: noise
  3786 | D:4      | Found a snail-covered altar of Cheibriados.
  3835 | D:4      | XOM: torment (39/76 hp)
  3898 | D:5      | Entered Level 5 of the Dungeon
  3900 | D:5      | XOM: enchant monster (good)
  3907 | D:5      | Reached skill level 10 in Fighting
  3907 | D:5      | Reached XP level 7. HP: 85/85 MP: 7/7
  3960 | D:5      | Reached skill level 11 in Fighting
  4105 | D:5      | Found a staircase to the Ecumenical Temple.
  4149 | D:5      | XOM: smoke on damage
  4275 | D:5      | XOM: 1-stop teleportation journey
  4301 | D:5      | Reached XP level 8. HP: 54/98 MP: 8/8
  4305 | D:5      | XOM: blink monster(s)
  4318 | D:5      | Reached skill level 12 in Fighting
  4441 | D:5      | Noticed quinnr's ghost (novice TeCj)
  4442 | D:5      | Found a transporter.
  4456 | D:5      | Found a transporter.
  4489 | D:5      | You pick up a book of Flames and begin reading...
  4489 | D:5      | You add the spells Foxfire, Inner Flame, Sticky Flame and
                  | Flame Wave to your library.
  4629 | D:5      | You pick up a book of Minor Magic and begin reading...
  4629 | D:5      | You add the spells Magic Dart, Call Imp and Mephitic Cloud
                  | to your library.
  4811 | D:6      | Found a radiant altar of Vehumet.
  5082 | D:6      | Reached skill level 13 in Fighting
  5118 | D:6      | XOM: summons 2 hostile shadow creatures
  5162 | D:6      | Noticed a kobold demonologist
  5163 | D:6      | XOM: divination: detect items
  5174 | D:6      | Noticed a red devil
  5175 | D:6      | Killed a kobold demonologist
  5357 | D:6      | Reached skill level 14 in Fighting
  5487 | D:6      | XOM: noise
  5491 | D:6      | Reached XP level 9. HP: 72/114 MP: 9/9
  5848 | D:7      | Reached skill level 15 in Fighting
  5875 | D:7      | Noticed a rime drake
  5876 | D:7      | Noticed a rime drake
  5877 | D:7      | Noticed a rime drake
  5879 | D:7      | Noticed a rime drake
  5976 | D:7      | XOM: cast spell 'Alistair's Intoxication'
  5981 | D:7      | XOM: enchant monster (bad)
  6042 | D:7      | XOM: fog
  6109 | D:7      | XOM: scenery: create altars
  6110 | D:7      | XOM: enchant monster (good)
  6116 | D:7      | HP: 17/115 [orc priest/divine providence (13)]
  6129 | D:7      | HP: 27/115 [something (4)]
  6199 | D:7      | XOM: 1-stop teleportation journey
  6288 | D:7      | Lost mutation: Your system is resistant to poisons. (rPois)
                  | [potion of mutation]
  6288 | D:7      | Lost mutation: Your natural rate of healing is unusually
                  | fast. [potion of mutation]
  6288 | D:7      | Gained mutation: Your spells are a little harder to cast,
                  | but a little more powerful. [potion of mutation]
  6289 | D:7      | Lost mutation: Your spells are a little harder to cast, but
                  | a little more powerful. [potion of mutation]
  6289 | D:7      | Lost mutation: You expend magic power (3 MP) to strengthen
                  | your wands. [potion of mutation]
  6289 | D:7      | Lost mutation: You are clumsy. (Dex -2) [potion of
                  | mutation]
  6289 | D:7      | Gained mutation: Your spells are a little easier to cast,
                  | but a little less powerful. [potion of mutation]
  6289 | D:7      | Gained mutation: You are vulnerable to cold. (rC-) [potion
                  | of mutation]
  6289 | D:7      | Gained mutation: You have sharp fingernails. [potion of
                  | mutation]
  6641 | D:7      | Reached skill level 16 in Fighting
  6885 | D:7      | XOM: fog
  6888 | D:7      | Killed a rime drake
  6889 | D:7      | Found the +4 skin of Zhor {*Englaciate rC+++ SInv}
  6889 | D:7      | XOM: swap monsters
  6894 | D:7      | HP: 23/119 [rime drake/flash freeze (21)]
  7319 | D:7      | Identified a +1 robe of the Archmagi
  7332 | D:7      | XOM: polymorph water moccasin -> golden eye
  7660 | D:8      | Reached skill level 17 in Fighting
  7783 | D:8      | XOM: cloud trail
  7927 | D:8      | XOM: confuse monster(s)
  8040 | D:8      | XOM: 2-stop teleportation journey
  8256 | D:8      | Reached XP level 10. HP: 61/131 MP: 10/10
  8350 | D:8      | XOM: give mutations
  8350 | D:8      | Gained mutation: Your muscles are strong. (Str +4, Int/Dex
                  | -1) [Xom's grace]
  8350 | D:8      | Gained mutation: Your flesh is heat resistant. (rF+) [Xom's
                  | grace]
  8350 | D:8      | Gained mutation: You are strong-willed. (Will+) [Xom's
                  | grace]
  8350 | D:8      | Lost mutation: Your spells are a little easier to cast, but
                  | a little less powerful. [Xom's grace]
  8520 | D:8      | You pick up a book of Armaments and begin reading...
  8520 | D:8      | You add the spells Animate Armour and Lehudib's Crystal
                  | Spear to your library.
  8624 | D:8      | Noticed a kobold demonologist
  8634 | D:8      | Killed a kobold demonologist
  8635 | D:8      | Reached skill level 18 in Fighting
  8675 | D:8      | XOM: give mutation
  8675 | D:8      | Gained mutation: Armour fits poorly on your strangely
                  | shaped body. [Xom's mischief]
  8816 | D:8      | HP: 33/135 [yak (15)]
  8819 | D:8      | XOM: chaos cloud
  8826 | D:8      | a yak changed into a black mamba
  8826 | D:8      | Noticed a black mamba
  8837 | D:9      | HP: 21/135 [orc wizard/magic dart (3)]
  8842 | D:9      | XOM: polymorph orc wizard -> swamp drake
  8843 | D:9      | XOM: summons 4 hostile demons
  8844 | D:9      | Noticed a sixfirhy
  8844 | D:9      | HP: 27/135 [sixfirhy[Xom] (5)]
  8845 | D:9      | HP: 13/135 [white imp/puff of frost[Xom] (2)]
  8848 | D:9      | HP: 6/135 [sixfirhy[Xom] (8)]
  8848 | D:9      | Slain by a sixfirhy

Vanquished Creatures
  2 kobold demonologists
  A rime drake (D:7)
  A wyvern (D:8)
  A yak (D:8)
  A golden eye (D:7)
  A vampire mosquito (D:8)
  An acid dragon (D:6)
  A water moccasin (D:8)
  2 orc warriors
  3 ice beasts (D:7)
  4 ogres
  3 centaurs
  2 bullfrogs
  3 scorpions
  3 killer bees (D:8)
  A howler monkey (D:8)
  A jelly (D:4)
  2 hounds (D:6)
  5 orc priests
  Jessica (D:3)
  Ijyb (D:3)
  3 iguanas
  Natasha (D:4)
  7 orc wizards
  6 adders
  2 shadow imps
  2 ufetubi
  4 worms
  2 dart slugs
  25 orcs
  5 endoplasms
  5 goblins
  5 hobgoblins
  11 kobolds
  2 quokkas (D:2)
  14 ball pythons
  7 bats
  3 frilled lizards
  3 rats
147 creatures vanquished.

Vanquished Creatures (collateral kills)
  A phantom (D:4)
  An orc (D:4)
2 creatures vanquished.

Vanquished Creatures (others)
  A ball python (D:1)
  6 toadstools (D:7)
7 creatures vanquished.

Grand Total: 156 creatures vanquished

Table legend:
 A = Non-vault XP
 B = Vault XP
 C = Vault XP percentage of total XP
 D = Non-vault monster count
 E = Vault monster count
 F = Vault count percentage of total count
                 A         B        C        D         E       F
            +---------+---------+-------+---------+---------+-------
      Total |    4258 |    1289 |  23.2 |     133 |      16 |  10.7
            +---------+---------+-------+---------+---------+-------
        D:1 |      28 |       3 |   9.7 |      18 |       2 |  10.0
        D:2 |      31 |       0 |   0.0 |      11 |       0 |   0.0
        D:3 |      28 |      77 |  73.3 |      14 |       4 |  22.2
        D:4 |     337 |      40 |  10.6 |      24 |       2 |   7.7
        D:5 |     513 |     217 |  29.7 |      12 |       4 |  25.0
        D:6 |    1254 |       2 |   0.2 |      20 |       1 |   4.8
        D:7 |    1112 |     373 |  25.1 |      20 |       1 |   4.8
        D:8 |     955 |     577 |  37.7 |      14 |       2 |  12.5
            +---------+---------+-------+---------+---------+-------

Illustrated notes

Table legend:
 A = Kills in this place as a percentage of kills in entire the game.
 B = Kills by you in this place as a percentage of kills by you in the entire game.
 C = Kills by friends in this place as a percentage of kills by friends in the entire game.
 D = Other kills in this place as a percentage of other kills in the entire game.
 E = Experience gained in this place as a percentage of experience gained in the entire game.
 F = Experience gained in this place divided by the number of levels of this place that you have seen.
                   A       B       C       D       E      F
               +-------+-------+-------+-------+-------+----------------------
         Total | 100.0 | 100.0 | 100.0 |   N/A | 100.0 | 616.3
       Dungeon | 100.0 | 100.0 | 100.0 |   N/A | 100.0 | 616.3
               +-------+-------+-------+-------+-------+----------------------

Table legend: (Time is in decaauts)
 A = Elapsed time spent in this place.
 B = Non-inter-level travel time spent in this place.
 C = Inter-level travel time spent in this place.
 D = Time resting spent in this place.
 E = Time spent auto-exploring this place.
 F = Levels seen in this place.
 G = Mean time per level.
                   A        B        C        D        E       F      G
               +--------+--------+--------+--------+--------+-----+--------+
         Total |   9025 |   8851 |    174 |     70 |   7268 |   9 | 1002.8 |
       Dungeon |   9025 |   8851 |    174 |     70 |   7268 |   9 | 1002.8 |
               +--------+--------+--------+--------+--------+-----+--------+

Top non-repeatable levels by time:
     D:7: 1871 daAuts
     D:8: 1219 daAuts
     D:1: 1160 daAuts
     D:4: 1069 daAuts
     D:6: 1022 daAuts
     D:3: 1015 daAuts
     D:5: 936 daAuts
     D:2: 710 daAuts
     D:9: 21 daAuts
